 Dungeon Crawl Stone Soup version 0.31-a0-152-g6aa68a64a1 (webtiles) character file.

Game seed: 7430388250301420894

660 qw the Shooter (level 7, -2/58 (64) HPs)
             Began as a Naga Hunter on June 10, 2023.
             Slain by a wight
             ... wielding a +3 short sword
              (5 damage)
             ... on level 5 of the Dungeon.
             The game lasted 00:01:11 (3997 turns).

qw the Shooter (Naga Hunter)                        Turns: 3997, Time: 00:01:11

HP:   -2/58 (64)    AC: 12    Str: 14    XL:     7   Next: 56%
MP:   7/7           EV:  7    Int:  9    God:
Gold: 210           SH:  0    Dex: 16    Spells: 6/6 levels left

rFire   . . .        Y - +1 shortbow
rCold   . . .        (shield currently unavailable)
rNeg    . . .        c - +0 leather armour
rPois   +            (no helmet)
rElec   .            a - scarf of the Lost Path {repulsion, Regen+}
rCorr   +            (no gloves)
SInv    +            g - +4 barding
Will    .....        k - amulet of faith
Stlth   ++           h - ring of resist corrosion
HPRegen 1.09/turn    (no ring)
MPRegen 0.10/turn

%: repel missiles, faith
@: drained, very slow
A: AC +2, large, see invisible, deformed body, poison resistance, slowness 2,
spit poison 1, naga tail 1
a: Spit Poison


You were on level 5 of the Dungeon.
You visited 2 branches of the dungeon, and saw 7 of its levels.

You collected 210 gold pieces.


Innate Abilities, Weirdness & Mutations

Your serpentine skin is tough. (AC +2)
You have supernaturally acute eyesight. (SInv)
Armour fits poorly on your strangely shaped body.
Your system is resistant to poisons. (rPois)
You cover ground very slowly.
You can spit poison.
You have a snake-like lower body.


   Skills:
 - Level 4.0 Fighting
 + Level 6.8 Ranged Weapons
 - Level 2.5 Armour
 - Level 1.5 Dodging
 - Level 1.5 Stealth


You had 6 spell levels left.
You didn't know any spells.
Your spell library was empty.

Inventory:

Hand Weapons
 Y - a +1 shortbow (weapon)
Armour
 a - the scarf of the Lost Path (worn) {repulsion, Regen+}
   (You acquired it on level 1 of the Dungeon)

   Regen:     It increases your rate of health regeneration.
 c - a +0 leather armour (worn)
 g - a +4 barding (worn)
Jewellery
 h - a ring of resist corrosion (left hand)
 k - an amulet of faith (around neck)
Potions
 b - a potion of cancellation {unknown}
 d - a potion of berserk rage {unknown}
 f - a potion of haste
 i - a potion of might {unknown}
 j - a potion of magic {unknown}

Dungeon Overview and Level Annotations

Branches:
Dungeon (6/15)             Temple (1/1) D:4

Altars:
Ashenzari
Elyvilon
Gozag
Hepliaklqana
Kikubaaqudgha
Makhleb
Qazlal
Ru
Sif Muna
Uskayaw
Vehumet
Wu Jian
Xom
Yredelemnul
The Shining One

Shops:
D:1 =


Message History

The wight hits you with a +3 short sword.
You feel drained.
The orc hits you with a +1 flail of holy wrath.
The iguana bites you.
3991 ||| DRINKING potion of heal wounds.
You feel much better.
The wight hits you with a +3 short sword!
The orc hits you but does no damage. The iguana bites you.
3992 ||| INVOKING Spit Poison.
Aiming: Spit Poison (1% risk of failure)
Press: ? - help, Shift-Dir - straight line, f/p - iguana The splash of poison hits the iguana!
The iguana is poisoned.
You kill the iguana!
The wight barely misses you. The orc hits you but does no damage.
The hound bites you but does no damage.
You shoot an arrow.
The arrow hits the wight but does no damage.
The hound barely misses you. The wight hits you but does no damage.
The orc barely misses you.
You shoot an arrow. The arrow hits the wight.
The wight is lightly damaged.
The hound bites you but does no damage. The orc barely misses you.
The wight hits you but does no damage. The hound barely misses you.
You shoot an arrow. The arrow barely misses the wight.
The hound bites you but does no damage.
The wight hits you with a +3 short sword.
You feel drained. The orc barely misses you.
The hound bites you but does no damage.
You shoot an arrow. The arrow hits the wight!
The wight is heavily damaged.
The wight hits you but does no damage. The orc barely misses you.
The hound bites you but does no damage. The orc hits you but does no damage.
The wight hits you with a +3 short sword.
You feel drained.
You shoot an arrow. The arrow barely misses the wight.
You have got your breath back.
You hear a shout!
The hound bites you but does no damage. The hound closely misses you.
The wight hits you with a +3 short sword.
You die...

***,*,,,,,* ****,,..,,**,*
*##*****,,,,#.#****,*
*#.,,,,,,,***..# *,*
*..*********#..## *,* ##.**
*####......# *,* ***** #).*
*#....,,....# ##.***,,,,
#.#*##..#**##z...###...,,,**,
#.# #.h#,**#@#..,.....##***,,
#<###.#%#,#o#h#,**#....# *,*
#.....#*.#h#.##,* #....# **,*
####h.#*#)c.#**,* #....# *,,,
##c##.#)#,**,* #....######
#h#.#)#.#,*,* #..........
#..#.#**.*,,* #....######
##.ยค##***,..###....# #
##cl..............#


You could see a black bear, a centaur, a hound, a wight and an orc.

Vanquished Creatures
  A water moccasin (D:5)
  A phantom (D:5)
  A bullfrog (D:6)
  A scorpion (D:4)
  An orc priest (D:5)
  4 hounds (D:4)
  2 iguanas
  A gnoll (D:5)
  8 adders
  2 worms (D:3)
  5 orcs
  5 endoplasms
  A giant cockroach (D:1)
  3 goblins
  8 hobgoblins
  7 jackals
  6 kobolds
  2 quokkas
  7 ball pythons
  2 bats
  2 frilled lizards (D:3)
  4 rats
74 creatures vanquished.

Notes
Turn   | Place    | Note
-------+----------+-------------------------------------------
     0 | D:1      | qw the Naga Hunter began the quest for the Orb.
     0 | D:1      | Reached XP level 1. HP: 19/19 MP: 1/1
     0 | D:1      | 0 ||| qw: Version: 0.2-a-29-g0080da8
     0 | D:1      | 0 ||| qw: Game counter: 3851
     0 | D:1      | 0 ||| qw: Always use a shield: true
     0 | D:1      | 0 ||| qw: God list: Okawaru
     0 | D:1      | 0 ||| qw: Allow faded altars: false
     0 | D:1      | 0 ||| qw: Do Orc after D:15 true
     0 | D:1      | 0 ||| qw: Do second Lair branch before Depths: true
     0 | D:1      | 0 ||| qw: Lair rune preference: random
     0 | D:1      | 0 ||| qw: Plans: Normal
     0 | D:1      | 0 ||| PLANNING D:1-11
    42 | D:1      | 42 ||| INVOKING Spit Poison.
    63 | D:1      | 63 ||| INVOKING Spit Poison.
    64 | D:1      | 64 ||| INVOKING Spit Poison.
    70 | D:1      | Found Sygyakia's Jewellery Shoppe.
    76 | D:1      | 76 ||| SHOPLISTING +6 ring of dexterity (396 gold, have
                  | 14).
    76 | D:1      | 76 ||| SHOPLISTING +6 ring of strength (396 gold, have 14).
    76 | D:1      | 76 ||| SHOPLISTING amulet of reflection (330 gold, have
                  | 14).
    76 | D:1      | 76 ||| SHOPLISTING ring of protection from fire (275 gold,
                  | have 14).
    81 | D:1      | 81 ||| INVOKING Spit Poison.
    92 | D:1      | 92 ||| INVOKING Spit Poison.
    98 | D:1      | 98 ||| INVOKING Spit Poison.
   101 | D:1      | Reached skill level 4 in Ranged Weapons
   101 | D:1      | Reached XP level 2. HP: 19/26 MP: 2/2
   162 | D:1      | 162 ||| INVOKING Spit Poison.
   165 | D:1      | 165 ||| INVOKING Spit Poison.
   172 | D:1      | 172 ||| INVOKING Spit Poison.
   176 | D:1      | 176 ||| INVOKING Spit Poison.
   202 | D:1      | 202 ||| INVOKING Spit Poison.
   205 | D:1      | 205 ||| INVOKING Spit Poison.
   210 | D:1      | 210 ||| INVOKING Spit Poison.
   227 | D:1      | 227 ||| INVOKING Spit Poison.
   358 | D:1      | 358 ||| INVOKING Spit Poison.
   466 | D:1      | Found a faded altar of an unknown god.
   520 | D:1      | 520 ||| INVOKING Spit Poison.
   521 | D:1      | Reached XP level 3. HP: 32/32 MP: 3/3
   575 | D:1      | 575 ||| INVOKING Spit Poison.
   836 | D:1      | 836 ||| READING scroll labelled UHUESI IM ITHRUWNOX.
   837 | D:1      | 837 ||| READING scroll labelled SUMMAI LABIBB.
   837 | D:1      | Identified a scroll of acquirement
   837 | D:1      | 837 ||| ACQUIRING scarf of the Lost Path {repulsion,
                  | Regen+}
   837 | D:1      | Acquired the scarf of the Lost Path {repulsion, Regen+}
   839 | D:1      | 839 ||| UPGRADING to scarf of the Lost Path {repulsion,
                  | Regen+}.
   844 | D:1      | 844 ||| READING scroll labelled LYAROA YDALUKH.
   945 | D:1      | 945 ||| DROPPING scroll of butterflies.
  1031 | D:2      | 1031 ||| INVOKING Spit Poison.
  1172 | D:2      | 1172 ||| INVOKING Spit Poison.
  1296 | D:2      | 1296 ||| INVOKING Spit Poison.
  1299 | D:2      | 1299 ||| INVOKING Spit Poison.
  1328 | D:2      | 1328 ||| INVOKING Spit Poison.
  1760 | D:2      | 1760 ||| READING scroll labelled QAEFE WYPN.
  1761 | D:2      | 1761 ||| READING scroll labelled ROSEGO GOLEPT.
  1762 | D:2      | 1762 ||| READING scroll labelled IGRATAMMOT.
  1792 | D:3      | 1792 ||| INVOKING Spit Poison.
  1798 | D:3      | 1798 ||| INVOKING Spit Poison.
  1818 | D:3      | 1818 ||| INVOKING Spit Poison.
  1824 | D:3      | 1824 ||| INVOKING Spit Poison.
  1829 | D:3      | 1829 ||| INVOKING Spit Poison.
  1839 | D:3      | 1839 ||| INVOKING Spit Poison.
  1855 | D:3      | 1855 ||| INVOKING Spit Poison.
  1907 | D:3      | 1907 ||| INVOKING Spit Poison.
  1911 | D:3      | 1911 ||| INVOKING Spit Poison.
  1916 | D:3      | 1916 ||| INVOKING Spit Poison.
  1917 | D:3      | Reached skill level 5 in Ranged Weapons
  1917 | D:3      | Reached XP level 4. HP: 31/39 MP: 4/4
  1941 | D:3      | 1941 ||| INVOKING Spit Poison.
  1945 | D:3      | 1945 ||| INVOKING Spit Poison.
  1948 | D:3      | You fall into a shaft and drop 3 floors!
  1952 | D:6      | Noticed a bullfrog
  1954 | D:6      | 1954 ||| INVOKING Spit Poison.
  1958 | D:6      | Killed a bullfrog
  1959 | D:6      | Reached skill level 3 in Fighting
  1959 | D:6      | Reached XP level 5. HP: 49/49 MP: 5/5
  1994 | D:6      | 1994 ||| UPGRADING to +0 barding.
  1999 | D:6      | 1999 ||| UPGRADING to amulet of guardian spirit.
  2004 | D:6      | 2004 ||| UPGRADING to amulet of faith.
  2014 | D:6      | 2014 ||| DROPPING amulet of guardian spirit.
  2015 | D:6      | 2015 ||| READING scroll labelled EPPUZY TANLOM.
  2016 | D:6      | 2016 ||| DRINKING 2 orange potions.
  2025 | D:5      | Entered Level 5 of the Dungeon
  2028 | D:5      | Noticed a water moccasin
  2042 | D:5      | Killed a water moccasin
  2043 | D:5      | Reached XP level 6. HP: 31/56 MP: 6/6
  2148 | D:5      | 2148 ||| READING scroll labelled FEP QIEF DOS QAYT.
  2149 | D:5      | 2149 ||| DRINKING 2 murky blue potions.
  2174 | D:4      | 2174 ||| INVOKING Spit Poison.
  2178 | D:4      | 2178 ||| INVOKING Spit Poison.
  2240 | D:3      | 2240 ||| INVOKING Spit Poison.
  2286 | D:3      | 2286 ||| READING scroll of enchant armour.
  2286 | D:3      | 2286 ||| ENCHANTING +0 barding.
  2396 | D:3      | 2396 ||| INVOKING Spit Poison.
  2430 | D:3      | 2430 ||| INVOKING Spit Poison.
  2439 | D:3      | 2439 ||| INVOKING Spit Poison.
  2465 | D:3      | 2465 ||| READING 3 scrolls of enchant armour.
  2465 | D:3      | 2465 ||| ENCHANTING +1 barding.
  2466 | D:3      | 2466 ||| READING 2 scrolls of enchant armour.
  2466 | D:3      | 2466 ||| ENCHANTING +2 barding.
  2467 | D:3      | 2467 ||| READING scroll of enchant armour.
  2467 | D:3      | 2467 ||| ENCHANTING +3 barding.
  2521 | D:3      | 2521 ||| READING 2 scrolls labelled LAPLAR NIAGHYONU.
  2522 | D:3      | 2522 ||| READING scroll labelled HAGUIDUNNEX.
  2523 | D:3      | 2523 ||| DROPPING scroll of blinking.
  2530 | D:3      | 2530 ||| STAIRDANCE
  2563 | D:2      | 2563 ||| INVOKING Spit Poison.
  2953 | D:4      | Found a staircase to the Ecumenical Temple.
  2954 | D:4      | 2954 ||| PLANNING TEMPLE
  2954 | D:4      | 2954 ||| UPGRADING to ring of resist corrosion.
  2955 | D:4      | 2955 ||| DRINKING 2 emerald potions.
  2963 | D:4      | 2963 ||| DROPPING potion of ambrosia.
  2970 | Temple   | Entered the Ecumenical Temple
  3081 | Temple   | 3081 ||| PLANNING D:1-11
  3106 | D:4      | 3106 ||| INVOKING Spit Poison.
  3121 | D:4      | 3121 ||| INVOKING Spit Poison.
  3202 | D:4      | 3202 ||| INVOKING Spit Poison.
  3228 | D:4      | 3228 ||| INVOKING Spit Poison.
  3294 | D:4      | Found a hide-covered altar of Uskayaw.
  3297 | D:4      | 3297 ||| INVOKING Spit Poison.
  3339 | D:4      | 3339 ||| INVOKING Spit Poison.
  3343 | D:4      | 3343 ||| INVOKING Spit Poison.
  3346 | D:4      | 3346 ||| INVOKING Spit Poison.
  3348 | D:4      | Reached skill level 6 in Ranged Weapons
  3348 | D:4      | Reached XP level 7. HP: 50/62 MP: 7/7
  3394 | D:4      | 3394 ||| INVOKING Spit Poison.
  3399 | D:4      | 3399 ||| INVOKING Spit Poison.
  3420 | D:4      | Identified the +5 trident "Esof" {flame, Str+6}
  3426 | D:4      | 3426 ||| INVOKING Spit Poison.
  3932 | D:5      | 3932 ||| INVOKING Spit Poison.
  3940 | D:5      | 3940 ||| INVOKING Spit Poison.
  3945 | D:5      | 3945 ||| INVOKING Spit Poison.
  3954 | D:5      | 3954 ||| INVOKING Spit Poison.
  3959 | D:5      | 3959 ||| INVOKING Spit Poison.
  3964 | D:5      | 3964 ||| INVOKING Spit Poison.
  3966 | D:5      | 3966 ||| Stepping ~*~*~tactically~*~*~ (outnumbered).
  3967 | D:5      | 3967 ||| Stepping ~*~*~tactically~*~*~ (outnumbered).
  3968 | D:5      | 3968 ||| INVOKING Spit Poison.
  3974 | D:5      | 3974 ||| INVOKING Spit Poison.
  3979 | D:5      | 3979 ||| INVOKING Spit Poison.
  3986 | D:5      | 3986 ||| INVOKING Spit Poison.
  3990 | D:5      | HP: 15/60 [wight/+3 short sword (2)]
  3991 | D:5      | 3991 ||| DRINKING potion of heal wounds.
  3992 | D:5      | 3992 ||| INVOKING Spit Poison.
  3995 | D:5      | HP: 11/61 [wight/+3 short sword (6)]
  3996 | D:5      | HP: 3/59 [wight/+3 short sword (6)]
  3996 | D:5      | HP: 1/58 [wight/+3 short sword (2)]
  3997 | D:5      | Slain by a wight

Levels and vault maps discovered:
D:1:      sevenhm_arrival_forest_fort_small_5, layout_rooms, serial_shops, shop,
          nicolae_ecumenical_lake_church, minmay_misc_feat_nine_boxes
D:2:      layout_basic
D:3:      layout_basic
D:4:      layout_loops_corners, mainiacjoe_overflow_surrounded_room,
          minmay_temple_entry_nine_rooms
D:5:      layout_rooms, lemuel_round_altar, nemelex_diamond_rough_becter,
          minmay_circle_x
D:6:      corexii_shack_village, layout_layer_cave, okawaru_ov_weapons_minmay,
          uniq_grinder
Temple:   nicolae_temple_two_arcs

Skill      XL: |  1  2  3  4  5  6  7 |
---------------+----------------------+-----
Ranged Weapons | 4 5 6 |  6.8
Fighting       | 3 4 |  4.0
Armour         | 2 |  2.5
Dodging        | |  1.5
Stealth        | |  1.5

Action                     |  1- 3 |  4- 6 |  7- 9 || total
---------------------------+-------+-------+-------++-------
   Fire: Shortbow          |    77 |    59 |    50 ||   186
Ability: Spit Poison       |    31 |    18 |    14 ||    63
    Use: Scroll            |     6 |     8 |       ||    14
         Potion            |       |     3 |     1 ||     4
 Armour: Leather armour    |     6 |     5 |    54 ||    65
  Dodge: Dodged            |    12 |     7 |    38 ||    57

Table legend:
 A = Non-vault XP
 B = Vault XP
 C = Vault XP percentage of total XP
 D = Non-vault monster count
 E = Vault monster count
 F = Vault count percentage of total count
                 A         B        C        D         E       F
            +---------+---------+-------+---------+---------+-------
      Total |     755 |     188 |  19.9 |      69 |       5 |   6.8
            +---------+---------+-------+---------+---------+-------
        D:1 |      36 |       0 |   0.0 |      22 |       0 |   0.0
        D:2 |      24 |       0 |   0.0 |       7 |       0 |   0.0
        D:3 |      83 |       0 |   0.0 |      23 |       0 |   0.0
        D:4 |     314 |       0 |   0.0 |      12 |       0 |   0.0
        D:5 |     208 |     188 |  47.5 |       4 |       5 |  55.6
        D:6 |      90 |       0 |   0.0 |       1 |       0 |   0.0
            +---------+---------+-------+---------+---------+-------
